 Dungeon Crawl Stone Soup version 0.28-a0-1117-g0bdd5ba030 (webtiles) character file.

Game seed: 605442891399088071

23 SensoryNuts the Skirmisher (level 2, -1/23 HPs)
             Began as a Draconian Monk on Dec 11, 2021.
             Frozen to death by an endoplasm (3 damage)
             ... on level 1 of the Dungeon.
             The game lasted 00:01:19 (697 turns).

SensoryNuts the Skirmisher (Draconian Monk)          Turns: 697, Time: 00:01:20

Health: -1/23      AC:  4    Str: 13    XL:     2   Next: 75%
Magic:  2/2        EV: 13    Int:  8    God:
Gold:   11         SH:  0    Dex: 13    Spells: 1/1 levels left

rFire   . . .      SeeInvis .   a - +0 short sword
rCold   . . .      Faith    .   (no shield)
rNeg    . . .      Spirit   .   (armour unavailable)
rPois   .          Reflect  .   (helmet restricted)
rElec   .          Harm     .   (no cloak)
rCorr   .          Rampage  .   (no gloves)
Will    .....                   (no boots)
Stlth   ++........              (no amulet)
HPRegen 0.07/turn               (no ring)
MPRegen 0.08/turn               (no ring)

@: no status effects
A: AC +4, unfitting armour, cold-blooded, dopey 1, frail 1
a: no special abilities


You were on level 1 of the Dungeon.
You visited 1 branch of the dungeon, and saw 1 of its levels.

You collected 11 gold pieces.

Inventory:

Hand Weapons
 a - a +0 short sword (weapon)
Scrolls
 d - a scroll of identify {unknown}
Potions
 c - a potion of might {unknown}


   Skills:
 + Level 3.5 Fighting
 + Level 3.4 Short Blades
 + Level 3.1 Dodging
 + Level 1.8 Stealth


You had one spell level left.
You didn't know any spells.
Your spell library was empty.

Dungeon Overview and Level Annotations

Branches:
Dungeon (1/15)

Altars:


Innate Abilities, Weirdness & Mutations

Your plain brown scales are hard. (AC +4)
You cannot fit into any form of body armour.
You are cold-blooded and may be slowed by cold attacks.
You are dopey. (Int -2)
You are frail. (-10% HP)


Message History

An endoplasm comes into view.
The rat misses you. The rat barely misses you. The bat barely misses you.
Things that are here:
a frilled lizard corpse; a ball python corpse You are too injured to fight recklessly!
You hit the rat but do no damage. The bat hits you but does no damage.
The rat bites you.
* * * LOW HITPOINT WARNING * * *
You closely miss the rat.
Your tail-slap misses the rat.
The bat hits you but does no damage. The rat bites you but does no damage.
You closely miss the rat. You tail-slap the rat.
The rat is moderately wounded.
The bat hits you but does no damage. The rat bites you but does no damage.
You hit the rat. You tail-slap the rat.
You kill the rat!
The bat completely misses you. The bat misses you.
Things that are here:
a +0 whip; 2 stones; a rat corpse You closely miss the bat.
The bat hits you.
* * * LOW HITPOINT WARNING * * *
The endoplasm closely misses you. The bat hits you.
* * * LOW HITPOINT WARNING * * *
Things that are here:
a frilled lizard corpse; a ball python corpse The bat misses you.
The endoplasm freezes you.
You are frozen.
* * * LOW HITPOINT WARNING * * *
You feel yourself slow down.
It was a potion of mutation.
You feel extremely strange.
You feel frail.
You feel stupid.
You feel yourself speed up. The bat hits you.
* * * LOW HITPOINT WARNING * * *
The endoplasm freezes you.
You are frozen.
You die...

.......)..........# ##......
.##.........#..#..#####.......
##............#..#..........
#####......................
###....................
#########....≈....≈.........
........#...................
........##.....≈÷÷..........
>.......#)J@...≈≈...........
..........#b................
..>.....##...≈....≈........)
........##.............###.#
........##.............#....
........##.....>.........#..
........##.....#.......##...
......B.##.(.....##........#
.r.................###....##


You could see an endoplasm and a bat.

Vanquished Creatures
  A ball python (D:1)
  2 bats (D:1)
  An endoplasm (D:1)
  2 giant cockroaches (D:1)
  4 goblins (D:1)
  3 hobgoblins (D:1)
  2 quokkas (D:1)
  A frilled lizard (D:1)
  2 kobolds (D:1)
  A rat (D:1)
19 creatures vanquished.

Vanquished Creatures (others)
  4 toadstools (D:1)
4 creatures vanquished.

Grand Total: 23 creatures vanquished

Notes
Turn   | Place    | Note
-------+----------+-------------------------------------------
     0 | D:1      | SensoryNuts the Draconian Monk began the quest for the Orb.
     0 | D:1      | Reached XP level 1. HP: 19/19 MP: 1/1
   334 | D:1      | Reached XP level 2. HP: 25/26 MP: 2/2
   697 | D:1      | Gained mutation: You are frail. (-10% HP) [potion of
                  | mutation]
   697 | D:1      | Gained mutation: You are dopey. (Int -2) [potion of
                  | mutation]
   697 | D:1      | Frozen to death by an endoplasm

Illustrated notes

Levels and vault maps discovered:
D:1:      ldierk_walled_garden_2, layout_rooms, minmay_misc_feat_square,
          skrybe_limestone_x

Skill      XL: |  1 |
---------------+----+-----
Dodging        | 3 |  3.1
Fighting       | |  3.5
Short Blades   | |  3.4
Stealth        | |  1.8

Action                   || total
-------------------------++-------
Melee: Short sword       ||   114
       Tailslap          ||     5
  Use: Potion            ||     1
Armor: Skin              ||    55
Dodge: Dodged            ||   122

Table legend: (Time is in decaauts)
 A = Elapsed time spent in this place.
 B = Non-inter-level travel time spent in this place.
 C = Inter-level travel time spent in this place.
 D = Time resting spent in this place.
 E = Time spent auto-exploring this place.
 F = Levels seen in this place.
 G = Mean time per level.
                   A        B        C        D        E       F      G
               +--------+--------+--------+--------+--------+-----+--------+
         Total |    692 |    692 |      0 |      0 |    503 |   1 |  692.0 |
       Dungeon |    692 |    692 |      0 |      0 |    503 |   1 |  692.0 |
               +--------+--------+--------+--------+--------+-----+--------+

Top non-repeatable levels by time:
     D:1: 692 daAuts
